 Dungeon Crawl Stone Soup version 0.30-a0-622-gddc90eaa04 (webtiles) character file.

Game seed: 8978619145672288759

88 Chouxvalier the Caller (level 4, -2/24 HPs)
             Began as a Tengu Summoner on Jan 10, 2023.
             Slain by a gnoll
             ... wielding a +0 halberd
              (12 damage)
             ... on level 2 of the Dungeon.
             The game lasted 00:07:13 (1566 turns).

Chouxvalier the Caller (Tengu Summoner)             Turns: 1566, Time: 00:07:14

Health: -2/24      AC:  6    Str:  9    XL:     4   Next: 53%
Magic:  6/8        EV: 11    Int: 15    God:
Gold:   89         SH:  0    Dex: 16    Spells: 6/7 levels left

rFire   . . .      SeeInvis .    e - +0 dagger
rCold   . . .      Faith    .    (no shield)
rNeg    + . .      Spirit   .    c - +1 ring mail
rPois   .          Reflect  .    (helmet restricted)
rElec   .          Harm     .    (no cloak)
rCorr   .          Rampage  .    (no gloves)
Will    .....                    (boots unavailable)
Stlth   +                        (no amulet)
HPRegen 0.24/turn                l - ring of positive energy
MPRegen 0.11/turn                (no ring)

@: no status effects
A: beak, talons 3
a: no special abilities


You were on level 2 of the Dungeon.
You visited 1 branch of the dungeon, and saw 2 of its levels.

You collected 89 gold pieces.

Inventory:

Hand Weapons
 e - a +0 dagger (weapon)
Missiles
 h - 3 poisoned darts
Armour
 c - a +1 ring mail (worn)
Jewellery
 l - a ring of positive energy (left hand)
Scrolls
 i - a scroll of brand weapon {unknown}
 m - 3 scrolls of silence {unknown}
Potions
 a - a potion of cancellation {unknown}
 b - a potion of magic
 d - a potion of haste
 f - a potion of might {unknown}
 g - a potion of brilliance {unknown}
 j - a potion of ambrosia {unknown}
 k - a potion of heal wounds {unknown}
 n - 2 potions of lignification {unknown}


   Skills:
 + Level 0.3 Fighting
 + Level 0.4 Armour
 + Level 3.3 Dodging
 + Level 2.1 Stealth
 + Level 2.4 Spellcasting
 + Level 5.8 Summonings


You had 6 spell levels left.
You knew the following spells:

 Your Spells              Type           Power      Damage    Failure   Level
a - Summon Small Mammal   Summ           76%        N/A       5%          1

Your spell library contained the following spells:

 Spells                   Type           Power      Damage    Failure   Level
 Call Imp                 Summ           19%        N/A       9%          2
 Call Canine Familiar     Summ           19%        N/A       16%         3
 Summon Guardian Golem    Hex/Summ       10%        N/A       47%         3
 Summon Lightning Spire   Summ/Air       10%        N/A       87%         4
 Iskenderun's Battlesphe  Conj           1%         2d6       100%        5
 Iron Shot                Conj/Erth      0%         9d1       100%        6
 Spellforged Servitor     Conj/Summ      5%         N/A       100%        7


Dungeon Overview and Level Annotations

Branches:
Dungeon (2/15)

Altars:

Shops:
D:1 *


Innate Abilities, Weirdness & Mutations

You have a beak for a mouth.
You have claws for feet.


Message History

Your rat barely misses the gnoll.
The gnoll hits your rat with a +0 spear.
Your rat dies!
Your rat's corpse disappears in a puff of smoke!
Casting: Summon Small Mammal (safe; 5% risk of failure)
Confirm with . or Enter, or press ? or * to list all spells.
Something closely misses your quokka.
The gnoll hits your quokka with a +0 halberd.
Your quokka dies!
Your quokka's corpse disappears in a puff of smoke!
Casting: Summon Small Mammal (safe; 5% risk of failure)
Confirm with . or Enter, or press ? or * to list all spells.
Casting: Summon Small Mammal (safe; 5% risk of failure)
Confirm with . or Enter, or press ? or * to list all spells.
The gnoll hits you from afar with a +0 spear!
Your bat hits the gnoll but does no damage.
Your rat bites the gnoll.
Your bat closely misses the gnoll.
The gnoll hits you but does no damage.
Your rat bites the gnoll.
You hit the gnoll. Your kick misses the gnoll.
The gnoll is heavily wounded.
Your bat hits the gnoll but does no damage.
The gnoll completely misses your bat. The gnoll misses you.
Your bat hits the gnoll but does no damage.
Your rat barely misses the gnoll.
You hit the gnoll but do no damage. You claw the gnoll. You punch the gnoll.
You kill the gnoll!
Your bat barely misses the gnoll. x2; The gnoll completely misses your bat.
Your bat hits the gnoll but does no damage.
Your bat hits the gnoll but does no damage. x2
The gnoll closely misses you.
Your rat bites the gnoll but does no damage.
Your bat hits the gnoll but does no damage.
You see here a +0 spear.
The gnoll hits you but does no damage.
Your rat bites the gnoll.
Your bat hits the gnoll. Your bat hits the gnoll.
Your bat barely misses the gnoll.
The gnoll hits you with a +0 halberd!
Ouch! That really hurt!
You die...

######### #.......#
#.......#
#.).....#########
#..br...##....g.#
##########
#..@g...##g####.#
#........#
#.......##.####.###
#........##
#.......##.#......#
#..).[....#
#.......##.#.##.#g#
#.........#
#..........#.##.#.#
#.........#
######+#####.##.#.#
#.........#
#####.##.#.#
#.........#
#.....##.#g#
'.........+
#.######.#.#


You could see a gnoll (ally target), a friendly bat (summoned) and a friendly
rat (summoned).

Vanquished Creatures
  3 gnolls (D:2)
  An adder (D:2)
  A dart slug (D:1)
  A ball python (D:1)
  3 bats (D:1)
  2 giant cockroaches (D:2)
  A goblin (D:2)
  2 hobgoblins
  2 kobolds
  A quokka (D:1)
  2 rats
19 creatures vanquished.

Vanquished Creatures (collateral kills)
  A ball python (D:1)
  5 bats (D:1)
  4 endoplasms (D:1)
  3 goblins (D:1)
  2 hobgoblins (D:1)
  3 quokkas (D:1)
  A frilled lizard (D:2)
  4 rats (D:1)
  A spectral kobold (D:1)
24 creatures vanquished.

Grand Total: 43 creatures vanquished

Notes
Turn   | Place    | Note
-------+----------+-------------------------------------------
     0 | D:1      | Chouxvalier the Tengu Summoner began the quest for the Orb.
     0 | D:1      | Reached XP level 1. HP: 10/10 MP: 4/4
    50 | D:1      | Reached skill level 5 in Summonings
    69 | D:1      | Reached XP level 2. HP: 12/15 MP: 4/6
   223 | D:1      | Found a faded altar of an unknown god.
   309 | D:1      | Found Ridowko's General Store.
   385 | D:1      | Reached XP level 3. HP: 19/19 MP: 7/7
  1196 | D:2      | Reached XP level 4. HP: 24/24 MP: 4/8
  1566 | D:2      | Slain by a gnoll

Illustrated notes

Levels and vault maps discovered:
D:1:      dpeg_arrival_arbitrary_c, layout_rooms, serial_shops, shop,
          dreamdust_ecumenical_altar_drowned_temple, minmay_misc_feat_encased,
          nicolae_figureground_pulse
D:2:      layout_basic, minmay_fractal_squares_gapless_5

Skill      XL: |  1  2  3 |
---------------+----------+-----
Summonings     | 5 |  5.8
Dodging        | 3 |  3.3
Fighting       | |  0.3
Armour         | |  0.4
Stealth        | |  2.1
Spellcasting   | |  2.4

Action                   |  1- 3 |  4- 6 || total
-------------------------+-------+-------++-------
Melee: Unarmed           |     1 |       ||     1
       Dagger            |    50 |    13 ||    63
       Kick              |    10 |     8 ||    18
       Peck              |     4 |       ||     4
       Punch             |     1 |     1 ||     2
 Cast: Summon Small Mamm |    37 |    13 ||    50
  Use: Scroll            |     2 |       ||     2
Armor: Ring mail         |    68 |     2 ||    70
Dodge: Dodged            |    85 |    20 ||   105

Table legend: (Time is in decaauts)
 A = Elapsed time spent in this place.
 B = Non-inter-level travel time spent in this place.
 C = Inter-level travel time spent in this place.
 D = Time resting spent in this place.
 E = Time spent auto-exploring this place.
 F = Levels seen in this place.
 G = Mean time per level.
                   A        B        C        D        E       F      G
               +--------+--------+--------+--------+--------+-----+--------+
         Total |   1572 |   1548 |     24 |      0 |    833 |   2 |  786.0 |
       Dungeon |   1572 |   1548 |     24 |      0 |    833 |   2 |  786.0 |
               +--------+--------+--------+--------+--------+-----+--------+

Top non-repeatable levels by time:
     D:2: 814 daAuts
     D:1: 757 daAuts
